 Dungeon Crawl Stone Soup version 0.28-a0-48-gfd831c5874 (webtiles) character file.

Game seed: 6927308860828076519

81 Spectrina the Covert (level 4, 1/27 HPs)
             Began as a Deep Elf Delver on July 29, 2021.
             Quit the game on level 4 of the Dungeon.
             The game lasted 00:02:05 (294 turns).

Spectrina the Covert (Deep Elf Delver)               Turns: 294, Time: 00:02:06

Health: 1/27       AC:  3    Str:  9    XL:     4   Next: 19%
Magic:  6/6        EV: 12    Int: 16    God:
Gold:   17         SH:  0    Dex: 16    Spells: 3/3 levels left

rFire   . . .      SeeInvis .   a - +0 short sword
rCold   . . .      Faith    .   (no shield)
rNeg    . . .      Spirit   .   b - +0 leather armour
rPois   .          Reflect  .   (no helmet)
rElec   .          Harm     .   (no cloak)
rCorr   .          Rampage  .   (no gloves)
Will    .....                   (no boots)
Stlth   ++++......              (no amulet)
HPRegen 0.09/turn               (no ring)
MPRegen 0.10/turn               (no ring)

@: lethally poisoned (1 -> -1), attractive, flying
A: no striking features
a: no special abilities


You were on level 4 of the Dungeon.
You visited 1 branch of the dungeon, and saw 2 of its levels.

You collected 17 gold pieces.

Inventory:

Hand Weapons
 a - a +0 short sword (weapon)
 l - a +0 long sword
Missiles
 j - 32 stones
 o - 15 poisoned darts
 p - a curare-tipped dart (quivered)
Armour
 b - a +0 leather armour (worn)
Wands
 g - a wand of digging (3)
 m - a wand of paralysis (12)
Scrolls
 c - a scroll of fog
 d - a scroll of magic mapping
 e - a scroll of fear
 i - a scroll of noise {unknown}
 k - a scroll of identify {unknown}
Potions
 f - a potion of haste


   Skills:
 - Level 2.4 Fighting
 - Level 2.0 Short Blades
 - Level 2.4 Dodging
 + Level 8.1 Stealth


You had 3 spell levels left.
You didn't know any spells.
Your spell library was empty.

Dungeon Overview and Level Annotations

Branches:
Dungeon (5/15)
 Temple: D:4-7

Altars:


Message History

You hit the adder but do no damage.
You feel sick. The adder bites you.
You hit the adder but do no damage.
You feel sick. The adder bites you.
You closely miss the adder.
You feel sick. The adder bites you.
* * * LOW HITPOINT WARNING * * *
You are lethally poisoned!
The adder poisons you! The adder bites you but does no damage.
Okay, then.
Throw: 2 darts (curare)
Press: ? - help, Q - select action, (/) - cycle Shift-Dir - straight line, f/p - adder
Aim: an adder (42% to hit)
You throw a curare-tipped dart.
The curare-tipped dart barely misses the adder.
* * * LOW HITPOINT WARNING * * *
You feel sick. The adder bites you.
* * * LOW HITPOINT WARNING * * *
Aiming: Paralyse
Press: ? - help, Shift-Dir - straight line, f/p - adder
Aim: an adder (chance to affect: 54%)
The adder suddenly stops moving!
* * * LOW HITPOINT WARNING * * *
You feel sick.
Unknown command.
The helpless adder fails to defend itself.
You impale the adder!!
You kill the adder!
* * * LOW HITPOINT WARNING * * *
You feel sick.
Unknown command.
It was a potion of flight.
You feel very buoyant.
You fly up into the air.
* * * LOW HITPOINT WARNING * * *
You feel sick.
It was a potion of attraction.
You feel attractive to monsters.
* * * LOW HITPOINT WARNING * * *
You feel sick.
Unknown command.
Okay, then.
Are you sure you want to abandon this character and quit the game? (Confirm with "yes".)

... ... .... .....
.....###### ......
..........# #.....#
..........# #.....#
(.....(@..+ #.....+
..........###+#....
###+#............#####
#............#...#
#............#...#
#............#...#
#............'...#
#............#+####
###+##+###........#


There were no monsters in sight!

Vanquished Creatures
  A scorpion (D:5)
  A hound skeleton (D:5)
  An adder (D:4)
  A ball python (D:4)
4 creatures vanquished.

Notes
Turn   | Place    | Note
-------+----------+-------------------------------------------
     0 | D:5      | Spectrina the Deep Elf Delver began the quest for the Orb.
     0 | D:5      | Reached XP level 1. HP: 13/13 MP: 3/3
   107 | D:5      | Reached XP level 2. HP: 8/18 MP: 4/4
   130 | D:5      | Noticed a scorpion
   164 | D:5      | Noticed a scorpion
   175 | D:5      | Killed a scorpion
   176 | D:5      | Reached skill level 8 in Stealth
   176 | D:5      | Reached XP level 3. HP: 15/22 MP: 5/5
   176 | D:5      | Reached XP level 4. HP: 19/27 MP: 6/6
   219 | D:5      | Noticed an ogre
   219 | D:5      | Noticed an ogre
   293 | D:4      | HP: 1/27 [poisoned by an adder]
   294 | D:4      | Quit the game

Illustrated notes

Levels and vault maps discovered:
D:4:      layout_gridville, evilmike_ruin_ashenzari, serial_shops,
          nicolae_shop_statue_plus
D:5:      black_bear_nest_1, layout_basic, amcnicky_altar_gilded,
          chequers_big_river

Skill      XL: |  1  2 |
---------------+-------+-----
Stealth        | 8 |  8.1
Fighting       | |  2.4
Short Blades   | |  2.0
Dodging        | |  2.4

Action                   |  1- 3 |  4- 6 || total
-------------------------+-------+-------++-------
Melee: Short sword       |    14 |     7 ||    21
Throw: Dart              |     5 |     5 ||    10
Evoke: Wand              |       |     1 ||     1
  Use: Potion            |       |     2 ||     2
 Stab: Paralysed         |       |     1 ||     1
Armor: Leather armour    |     1 |     2 ||     3
Dodge: Dodged            |    11 |     1 ||    12

Table legend: (Time is in decaauts)
 A = Elapsed time spent in this place.
 B = Non-inter-level travel time spent in this place.
 C = Inter-level travel time spent in this place.
 D = Time resting spent in this place.
 E = Time spent auto-exploring this place.
 F = Levels seen in this place.
 G = Mean time per level.
                   A        B        C        D        E       F      G
               +--------+--------+--------+--------+--------+-----+--------+
         Total |    296 |    296 |      0 |      0 |      0 |   2 |  148.0 |
       Dungeon |    296 |    296 |      0 |      0 |      0 |   2 |  148.0 |
               +--------+--------+--------+--------+--------+-----+--------+

Top non-repeatable levels by time:
     D:5: 264 daAuts
     D:4: 32 daAuts
